AoeStats
← Kulishaak

Nomad

503768887Analyzed
1v1 RM · 1mo ago on Sep 2, 2026· 23m 20s· 2 players
Game mode
Random Map
Map size
126×126
Population
200
Speed
Normal
Resources
Standard
Victory
Conquest
Starting age
Dark Age
Ending age
Imperial Age
RankedLock teamsTeams togetherTeam positionsShared explorationLock speedFull tech treeHidden civsTurbo modeCheats
Victory
Defeat
🇨🇿 Armenians · Czechia
1113
+14
🇳🇿 Italians · New Zealand
1077
-14
Kulishaak
5:11 Loom
13:24 Feudal Age
14:20 Double-Bit Axe
14:29 Man-at-Arms
15:35 Long Swordsman
17:57 Scale Mail Armor
19:57 Arson
20:51 Wheelbarrow
20:17 Fishing Lines
21:12 Gold Mining
22:19 Forging
sweatypalms
3:44 Loom
12:38 Feudal Age
13:15 Double-Bit Axe
13:03 Man-at-Arms
14:22 Town Watch
15:14 Wheelbarrow
17:42 Wheelbarrow
16:57 Fishing Lines
21:33 Castle Age
21:47 Fletching
21:57 Crossbowman
22:41 Bodkin Arrow
Connection lost

Rejoining the realm…

Still unreachable

The connection could not be restored.

Session expired

The server has moved on; the page needs a fresh start.